 Dungeon Crawl Stone Soup version 0.30-a0-4-ga7cffc901d (webtiles) character file.

Game seed: 12049548549087005591

562 Zonian the Sneak (level 7, -5/32 HPs)
             Began as a Spriggan Venom Mage on Aug 20, 2022.
             Was an Elder of Zin.
             Engulfed by a cloud of poison gas (8 damage)
             ... on level 5 of the Dungeon.
             The game lasted 00:21:39 (8872 turns).

Zonian the Sneak (Spriggan Venom Mage)              Turns: 8872, Time: 00:21:40

Health: -5/32      AC:  3    Str:  4    XL:     7   Next: 10%
Magic:  14/14      EV: 18    Int: 17    God:    Zin [****..]
Gold:   125        SH:  0    Dex: 12    Spells: 8/14 levels left

rFire   + . .      SeeInvis +    C - +9 whip "Weoguilu" {vorpal, rC++ Will+ Dex-5 Stlth+}
rCold   + + +      Faith    .    (no shield)
rNeg    . . .      Spirit   .    a - +1 robe
rPois   .          Reflect  .    (helmet restricted)
rElec   .          Harm     .    u - scarf {rC+ rF+}
rCorr   .          Rampage  .    (gloves unavailable)
Will    ++...                    (boots unavailable)
Stlth   ++++......               (no amulet)
HPRegen 0.10/turn                (no ring)
MPRegen 0.14/turn                (no ring)

@: lethally poisoned (-5 -> -74), very quick
A: very small, no large weapons, unfitting armour, see invisible, speed 3
a: Renounce Religion, Recite, Vitalisation, Imprison, Donate Gold


You were on level 5 of the Dungeon.
You worshipped Zin.
Zin was greatly pleased with you.
You visited 1 branch of the dungeon, and saw 5 of its levels.

You collected 268 gold pieces.
You spent 117 gold pieces at shops.
You donated 26 gold pieces to Zin.

Inventory:

Hand Weapons
 f - a +0 spear
 k - a +0 rapier
 p - a +1 dagger
 r - a +0 sling
 y - the +6 shillelagh "Devastator" {shatter}
   (You found it on level 3 of the Dungeon)

   It releases a powerful concussive burst when it strikes, dealing extra damage
   to the target and all other foes adjacent to them.
 C - the +9 whip "Weoguilu" (weapon) {vorpal, rC++ Will+ Dex-5 Stlth+}
   (You found it on level 5 of the Dungeon)

   It inflicts extra damage upon your enemies.
   Dex:       It affects your dexterity (-5).
   rC:        It greatly protects you from cold.
   Will:      It increases your willpower.
   Stlth:     It makes you more stealthy.
 E - a +0 long sword of venom
Missiles
 e - 5 boomerangs
 q - 5 boomerangs of dispersal
 B - a throwing net
Armour
 a - a +1 robe (worn)
 u - a scarf of resistance (worn)
 x - a +0 cloak
Wands
 j - a wand of digging (1)
 s - a wand of roots (5)
 v - a wand of flame (13)
Scrolls
 c - 4 scrolls of vulnerability
 i - a scroll of magic mapping
 l - a scroll of poison
 z - 2 scrolls of teleportation
 A - 2 scrolls of fear
Potions
 b - a potion of magic
 d - a potion of berserk rage
 g - a potion of haste
 h - a potion of lignification {unknown}
 o - a potion of degeneration {unknown}
 t - a potion of attraction {unknown}
 w - a potion of cancellation {unknown}
 D - 2 potions of resistance


   Skills:
 + Level 4.8 Dodging
 + Level 5.5 Stealth
 + Level 4.3 Spellcasting
 + Level 4.1 Transmutations
 + Level 0.1 Air Magic
 + Level 4.3 Poison Magic
 + Level 2.8 Invocations
 + Level 0.2 Evocations


You had 8 spell levels left.
You knew the following spells:

 Your Spells              Type           Power      Damage    Failure   Level
a - Sting                 Tmut/Pois      72%        1d6       2%          1
b - Poisonous Vapours     Pois/Air       22%        N/A       10%         2
c - Mephitic Cloud        Conj/Pois/Air  8%         N/A       26%         3

Your spell library contained the following spells:

 Spells                   Type           Power      Damage    Failure   Level
 Wereblood                Tmut           17%        N/A       4%          2
 Foxfire                  Conj/Fire      12%        2x1d4     16%         1
 Sublimation of Blood     Necr           3%         N/A       22%         2
 Olgreb's Toxic Radiance  Pois           18%        N/A       26%         4
 Conjure Flame            Conj/Fire      3%         6-21      41%         3
 Inner Flame              Hex/Fire       3%         N/A       41%         3
 Flame Wave               Conj/Fire      3%         2d5       83%         4
 Summon Hydra             Summ           1%         N/A       100%        7


Dungeon Overview and Level Annotations

Branches:
Dungeon (5/15)
 Temple: D:4-7

Altars:
Nemelex Xobeh
Zin
The Shining One

Shops:
D:4 *

Annotations:
D:5 1 transporter


Innate Abilities, Weirdness & Mutations

You are very small and have problems with some larger weapons.
You are too small for most types of armour.
You have supernaturally acute eyesight. (SInv)
You cover ground extremely quickly. (Speed+++)


Message History

Things that are here:
a +0 trident of venom; a +0 long sword of venom
E - a +0 long sword of venom Really walk into that cloud of poison gas?
Okay, then.
You see here a +0 trident of venom.
Unknown command.
You start waiting.
You are ready to recite again.
You start waiting.
You start waiting.
Done waiting.
Unknown command.
Really walk into a travel-excluded area?
You are engulfed in poison gas.
You are poisoned.
You feel very sick.
There is an open gate here.
Unknown command.
You are engulfed in poison gas.
You are lethally poisoned!
You feel very sick.
Unknown command.
You feel better.
You are engulfed in poison gas.
You are lethally poisoned!
You feel very sick.
The gnoll shouts!
Unknown command.
You are engulfed in poison gas.
You are more poisoned.
* * * LOW HITPOINT WARNING * * *
x2 You feel very sick.
Unknown command.
You feel much better.
You are engulfed in poison gas.
You are more poisoned.
* * * LOW HITPOINT WARNING * * *
You feel extremely sick.
Okay, then.
You fail to use your ability.
You are engulfed in poison gas.
You are more poisoned.
You die...

##g... ###....#
gg.g..#
###########
#☼°○$©[☼°°#
#°°☼$$$○°°#
#°☼○...○☼.#
#☼○○°°@○°°#
#°..☼°°°°☼#
####☼°°####
#°☼...☼.#
#°°#)#○.#
.?.#○○.).°☼#
...#○.#©#°○#####
..#°°°☼.°°#...#
..#○.°°...#.#.#


You could see a gnoll bouda (wandering) and 3 gnolls.

Vanquished Creatures
  Blork the orc (D:4)
  A necrophage (D:4)
  Crazy Yiuf (D:3)
  2 hounds
  Jessica (D:2)
  Terence (D:2)
  Natasha (thrice) (D:2)
  An ogre zombie (D:5)
  Robin (D:3)
  3 adders
  4 gnolls
  A gnoll zombie (D:5)
  An orc zombie (D:5)
  A worm (D:2)
  4 dart slugs
  2 orcs (D:4)
  8 endoplasms
  4 giant cockroaches
  15 goblins
  13 hobgoblins
  6 jackals
  9 kobolds
  4 quokkas
  7 ball pythons
  8 bats
  5 frilled lizards
  6 rats
113 creatures vanquished.

Notes
Turn   | Place    | Note
-------+----------+-------------------------------------------
     0 | D:1      | Zonian the Spriggan Venom Mage began the quest for the Orb.
     0 | D:1      | Reached XP level 1. HP: 9/9 MP: 5/5
   195 | D:1      | Found a faded altar of an unknown god.
   213 | D:1      | Prayed at the altar of an unknown god.
   213 | D:1      | Became a worshipper of Zin the Law-Giver
   213 | D:1      | Reached * piety under Zin
   544 | D:1      | Reached XP level 2. HP: 13/13 MP: 2/6
   649 | D:1      | Learned a level 2 spell: Poisonous Vapours
  1316 | D:1      | Reached ** piety under Zin
  1479 | D:1      | Reached XP level 3. HP: 11/16 MP: 0/8
  1936 | D:2      | Noticed Natasha
  1964 | D:2      | Killed Natasha
  2393 | D:2      | Reached skill level 1 in Invocations
  2476 | D:2      | Reached XP level 4. HP: 21/21 MP: 3/9
  2573 | D:2      | Noticed Jessica
  2712 | D:2      | Learned a level 3 spell: Mephitic Cloud
  2802 | D:2      | Noticed Natasha
  2825 | D:2      | Killed Natasha
  2826 | D:2      | Reached skill level 4 in Stealth
  3159 | D:2      | Noticed Terence
  3159 | D:2      | Noticed Natasha
  3261 | D:2      | Killed Natasha
  3532 | D:2      | Killed Terence
  3533 | D:2      | Reached XP level 5. HP: 18/24 MP: 3/11
  4020 | D:2      | Killed Jessica
  5261 | D:3      | Found a runed translucent door.
  5261 | D:3      | Found the +6 shillelagh "Devastator" {shatter}
  5262 | D:3      | Noticed Crazy Yiuf
  5499 | D:3      | Noticed Robin
  5846 | D:3      | Reached *** piety under Zin
  5968 | D:3      | Killed Robin
  5982 | D:3      | Reached XP level 6. HP: 23/28 MP: 1/12
  6195 | D:3      | Found a sparkling altar of Nemelex Xobeh.
  6517 | D:3      | Found a glowing golden altar of the Shining One.
  6799 | D:3      | Killed Crazy Yiuf
  6800 | D:3      | Reached skill level 5 in Stealth
  7805 | D:4      | Found Weiha's General Store.
  7809 | D:4      | Bought a scroll of teleportation for 39 gold pieces
  7809 | D:4      | Bought a potion of curing for 39 gold pieces
  7809 | D:4      | Bought a potion of curing for 39 gold pieces
  8218 | D:4      | Noticed Blork the orc
  8262 | D:4      | Killed Blork the orc
  8418 | D:4      | Reached **** piety under Zin
  8488 | D:5      | Entered Level 5 of the Dungeon
  8511 | D:5      | Reached XP level 7. HP: 32/32 MP: 9/14
  8607 | D:5      | Identified the +9 whip "Weoguilu" {vorpal, rC++ Will+ Dex-5
                  | Stlth+}
  8624 | D:5      | Found a transporter.
  8670 | D:5      | Found a transporter.
  8872 | D:5      | Engulfed by a cloud of poison gas

Illustrated notes

Levels and vault maps discovered:
D:1:      ebering_trefoil_3fold, layout_loops_corners,
          dreamdust_ecumenical_altar_statues
D:2:      kennysheep_six_static_rooms, layout_basic, uniq_natasha, uniq_jessica,
          uniq_terence
D:3:      layout_basic, mainiacjoe_overflow_six_doors_small, old_standard_altar,
          minmay_misc_feat_four_crosses, uniq_robin, uniq_crazy_yiuf_cottage
D:4:      layout_basic, serial_shops, shop, uniq_blork_the_orc
D:5:      gammafunk_cloud_chamber, layout_loops_ring, nicolae_hexahallways,
          minmay_misc_feat_roman

Skill      XL: |  1  2  3  4  5  6 |
---------------+-------------------+-----
Dodging        | 3 4 |  4.8
Spellcasting   | 3 4 |  4.3
Transmutations | 2 3 4 |  4.1
Invocations    | 1 2 |  2.8
Stealth        | 4 5 |  5.5
Poison Magic   | 4 |  4.3
Air Magic      | |  0.1
Evocations     | |  0.2

Action                   |  1- 3 |  4- 6 |  7- 9 || total
-------------------------+-------+-------+-------++-------
Melee: Unarmed           |     7 |       |       ||     7
       Spear             |     7 |       |       ||     7
       Dagger            |       |    71 |       ||    71
       Shillelagh        |       |    15 |       ||    15
       Whip              |       |       |     6 ||     6
 Fire: Sling             |       |     4 |       ||     4
 Cast: Sting             |    65 |   149 |       ||   214
Invok: Recite            |       |     3 |     1 ||     4
Evoke: Wand              |       |       |     8 ||     8
  Use: Scroll            |       |    13 |       ||    13
       Potion            |       |       |     6 ||     6
 Stab: Sleeping          |     1 |     8 |       ||     9
       Distracted        |       |     1 |       ||     1
Armor: Robe              |     9 |    26 |       ||    35
Dodge: Dodged            |    31 |   132 |    14 ||   177

Table legend: (Time is in decaauts)
 A = Elapsed time spent in this place.
 B = Non-inter-level travel time spent in this place.
 C = Inter-level travel time spent in this place.
 D = Time resting spent in this place.
 E = Time spent auto-exploring this place.
 F = Levels seen in this place.
 G = Mean time per level.
                   A        B        C        D        E       F      G
               +--------+--------+--------+--------+--------+-----+--------+
         Total |   7423 |   7274 |    149 |   3721 |   2478 |   5 | 1484.6 |
       Dungeon |   7423 |   7274 |    149 |   3721 |   2478 |   5 | 1484.6 |
               +--------+--------+--------+--------+--------+-----+--------+

Top non-repeatable levels by time:
     D:3: 2146 daAuts
     D:2: 1904 daAuts
     D:1: 1837 daAuts
     D:4: 1211 daAuts
     D:5: 323 daAuts
